 Dungeon Crawl Stone Soup version 0.28.0-45-g0d030f2227 (webtiles) character file.

Game seed: 5753738460090524302

1199 101zpm the Magician (level 8, -6/51 HPs)
             Began as a Djinni Ice Elementalist on Apr 14, 2022.
             Was an Initiate of Qazlal.
             Shot with an arrow by a centaur (14 damage)
             ... on level 7 of the Dungeon.
             The game lasted 00:28:51 (9753 turns).

101zpm the Magician (Djinni Ice Elementalist)       Turns: 9753, Time: 00:28:51

Health: -6/51      AC:  2    Str: 13    XL:     8   Next: 72%
Gold:   263        EV: 12    Int: 19    God:    Qazlal [......] SH:  0 Dex: 14

rFire   + + .      SeeInvis .   B - +2 dagger (flame)
rCold   x . .      Faith    .   (no shield)
rNeg    . . .      Spirit   .   a - +0 robe
rPois   ∞          Reflect  .   (no helmet)
rElec   .          Harm     .   (no cloak)
rCorr   .          Rampage  .   (no gloves)
Will    .....                   (boots unavailable)
Stlth   ++........              (no amulet)
HPRegen 0.17/turn               d - +6 ring of strength
MPRegen 0.00/turn               (no ring)

@: flying
A: sickness immunity, fire resistance 2, cold vulnerability 1, float, innate
caster, HP casting, extra vitality 1
a: Renounce Religion


You were on level 7 of the Dungeon.
You worshipped Qazlal.
Qazlal was noncommittal.
You visited 1 branch of the dungeon, and saw 7 of its levels.
You also visited: Sewer.

You collected 263 gold pieces.

Inventory:

Hand Weapons
 x - a +3 war axe
 B - a +2 dagger of flaming (weapon)
Missiles
 e - 208 stones
 j - a throwing net
 t - 2 curare-tipped darts
 u - 20 poisoned darts
 v - 11 javelins
 y - 80 sling bullets
 z - 71 arrows
 A - 49 bolts
Armour
 a - a +0 robe (worn)
 C - a +0 tower shield
 D - the +1 leather armour of Chimes {rF+}
   (You found it on level 3 of the Dungeon)

   rF:        It protects you from fire.
Jewellery
 d - a +6 ring of strength (left hand)
 J - a ring of protection from cold
Wands
 h - a wand of paralysis (3)
 H - a wand of charming (6)
 M - a wand of acid (11)
Scrolls
 c - 2 scrolls of identify
 f - 4 scrolls of fog
 g - a scroll of immolation
 i - 3 scrolls of enchant armour
 l - a scroll of blinking
 n - 3 scrolls of teleportation
 o - 2 scrolls of fear {unknown}
 G - a scroll of silence {unknown}
 I - a scroll of enchant weapon {unknown}
 K - a scroll of noise {unknown}
Potions
 b - 2 potions of degeneration {unknown}
 k - a potion of invisibility {unknown}
 m - 2 potions of haste {unknown}
 p - a potion of mutation {unknown}
 q - 2 potions of might {unknown}
 r - 4 potions of curing {unknown}
 s - a potion of brilliance {unknown}
 w - a potion of lignification {unknown}
 E - a potion of heal wounds {unknown}
 F - 3 potions of attraction {unknown}
 L - 2 potions of berserk rage {unknown}


   Skills:
 + Level 0.5 Fighting
 + Level 2.7 Dodging
 + Level 3.0 Stealth
 + Level 1.4 Unarmed Combat
 + Level 7.7 Spellcasting


You had 5 spell levels left.
You knew the following spells:

 Your Spells              Type           Power      Damage    Failure   Level
a - Freeze                Ice            100%       1d11      1%          1
b - Frozen Ramparts       Ice            72%        1d9       1%          3
c - Ozocubu's Armour      Ice            36%        N/A       1%          3
d - Hailstorm             Conj/Ice       36%        3d9       3%          4
e - Shock                 Conj/Air       100%       1d9       1%          1
f - Blink                 Tloc           72%        N/A       1%          2
g - Teleport Other        Tloc           36%        N/A       1%          3
Your spell library was empty.

Dungeon Overview and Level Annotations

Branches:
Dungeon (7/15)             Temple (0/1) D:5           Sewer (visited)

Altars:
Okawaru
Qazlal
Beogh

Shops:
D:5 *

Annotations:
D:3 3 runed translucent doors, Ablot's ghost, amateur GnWr
D:5 Dowan; Duvessa


Innate Abilities, Weirdness & Mutations

You are immune to sickness and miasma.
You are immune to poison.
Your flesh is very heat resistant. (rF++)
You are vulnerable to cold. (rC-)
You float through the air rather than walking.
You learn spells naturally, not from books.
Your magical power is your life essence.
You have superior vitality. (+4 MHP)


Message History

Confirm with . or Enter, or press ? or * to list all spells.
Aiming: Shock (safe; 1% risk of failure)
Press: ? - help, Shift-Dir - straight line, f/p - white imp
Aim: a white imp (water, 74% to hit)
The zap hits the white imp but does no damage.
The white imp disappears!
The frozen ramparts melt away.
HP restored.
You now have 263 gold pieces (gained 15).
f - 4 scrolls of fog (gained 1)
A centaur comes into view.
The centaur shouts!
The centaur wields a +0 shortbow.
The centaur shoots an arrow.
The arrow hits you!
A centaur is nearby!
Casting: Shock (safe; 1% risk of failure)
Confirm with . or Enter, or press ? or * to list all spells.
Casting: Frozen Ramparts (safe; 1% risk of failure)
Press: ? - help, Dir - look around, f - activate The walls around you are covered in ice.
The centaur shoots an arrow.
The arrow barely misses you.
Casting: Frozen Ramparts (safe; 1% risk of failure)
Confirm with . or Enter, or press ? or * to list all spells.
A film of ice covers your body!
The centaur shoots an arrow.
The arrow hits you!
Casting: Ozocubu's Armour (safe; 1% risk of failure)
Confirm with . or Enter, or press ? or * to list all spells.
Aiming: Shock (safe; 1% risk of failure)
Press: ? - help, Shift-Dir - straight line, f - centaur
Aim: a centaur, wielding a +0 shortbow and quivering arrows (84% to hit)
The zap hits the centaur.
The centaur is moderately wounded.
The centaur shoots an arrow.
The arrow hits you!
* * * LOW HITPOINT WARNING * * *
Your icy armour and frozen ramparts will break if you move.
Continue?
Your icy armour cracks and falls away as you move.
The frozen ramparts melt away as you move.
The centaur shoots an arrow.
The arrow closely misses you.
The centaur shoots an arrow.
The arrow hits you!
You die...

######### #. ........#
#. #####<## ## #c
#......#
###.##.#####.###..#
..............##..####
.......#.............#
#.....@...#######..#
.###.....###.....##.#
...##...##...≈≈≈..#.#
≈...........≈≈≈≈≈.#.#
...##...##...≈≈≈..#.##
..###.....###.....##..#
# #.........#######...#
......#..............#
.#..#........#.####..#


You could see a centaur.

Vanquished Creatures
  2 black bears
  An ogre (D:4)
  A centaur (D:6)
  3 kobold brigands (Sewer)
  A bullfrog (D:6)
  2 scorpions
  2 water moccasin zombies
  An orc priest (D:6)
  A hound (D:4)
  2 jellies
  Ijyb (D:5)
  An orc wizard (D:6)
  A gnoll (D:2)
  A river rat (Sewer)
  6 adders
  2 ufetubi
  5 worms
  2 dart slugs
  5 orcs
  5 endoplasms
  4 giant cockroaches
  7 goblins
  4 hobgoblins
  5 jackals (D:2)
  7 quokkas
  10 ball pythons
  10 bats
  12 kobolds
  8 rats
112 creatures vanquished.

Notes
Turn   | Place    | Note
-------+----------+-------------------------------------------
     0 | D:1      | 101zpm the Djinni Ice Elementalist began the quest for the
                  | Orb.
     0 | D:1      | Reached XP level 1. HP: 15/15 MP: 0/0
   327 | D:1      | Reached XP level 2. HP: 15/21 MP: 0/0
  1113 | D:2      | Reached XP level 3. HP: 24/25 MP: 0/0
  1113 | D:2      | Learned a level 1 spell: Shock
  2092 | D:2      | Reached skill level 4 in Spellcasting
  2094 | D:2      | Reached skill level 1 in Unarmed Combat
  2094 | D:2      | Reached XP level 4. HP: 23/31 MP: 0/0
  2607 | D:3      | Noticed a black bear
  2613 | D:3      | Killed a black bear
  2614 | D:3      | Reached XP level 5. HP: 23/35 MP: 0/0
  2614 | D:3      | Learned a level 2 spell: Blink
  2992 | D:4      | Noticed a black bear
  2999 | D:4      | Killed a black bear
  3000 | D:4      | Reached skill level 5 in Spellcasting
  3000 | D:4      | Reached XP level 6. HP: 31/41 MP: 0/0
  3284 | D:4      | Found a glowing drain.
  3302 | Sewer    | Entered a sewer
  3721 | Sewer    | Reached XP level 7. HP: 39/46 MP: 0/0
  3721 | Sewer    | Learned a level 3 spell: Teleport Other
  4011 | Sewer    | Reached skill level 6 in Spellcasting
  6081 | D:3      | Reached XP level 8. HP: 49/51 MP: 0/0
  6098 | D:3      | Identified the +1 leather armour of Chimes {rF+}
  6159 | D:3      | Found a runed translucent gate.
  6159 | D:3      | Identified the +5 dagger "Wipp" {vorpal, rElec rF+ SInv}
  6159 | D:3      | Noticed Ablot's ghost (amateur GnWr)
  6160 | D:3      | Found a runed translucent gate.
  6161 | D:3      | Found a runed translucent gate.
  6688 | D:5      | Entered Level 5 of the Dungeon
  6857 | D:5      | Noticed Ijyb
  6978 | D:5      | Found a staircase to the Ecumenical Temple.
  7068 | D:5      | Killed Ijyb
  7459 | D:5      | Found Ralestrew's Assorted Antiques.
  7578 | D:5      | Noticed Dowan
  7579 | D:5      | Noticed Duvessa
  7940 | D:6      | Reached skill level 7 in Spellcasting
  9046 | D:6      | Found a stormy altar of Qazlal.
  9055 | D:6      | Found an iron altar of Okawaru.
  9338 | D:6      | Became a worshipper of Qazlal Stormbringer
  9753 | D:7      | Shot with an arrow by a centaur

Illustrated notes

Levels and vault maps discovered:
D:1:      saegor_arrival_under_anarchy, layout_basic
D:2:      layout_loops_ring, cheibrodos_gnoll_hut
D:3:      layout_basic, biasface_ghost_orc_armoury
D:4:      layout_loops_ring, portal_sewer_entry_b, bh_walls_and_bars
D:5:      layout_cave_pods, trog_book, minmay_temple_entry_glass, serial_shops,
          shop, uniq_duvessa, uniq_ijyb
D:6:      layout_loops_corners, minitemple
D:7:      layout_basic, fedhas_ov_isle_minmay, minmay_fire_ice_demons

Skill      XL: |  1  2  3  4  5  6  7  8 |
---------------+-------------------------+-----
Spellcasting   | 4 5 6 7 |  7.7
Unarmed Combat | 1 |  1.4
Stealth        | 2 3 |  3.0
Fighting       | |  0.5
Dodging        | |  2.7

Action                   |  1- 3 |  4- 6 |  7- 9 || total
-------------------------+-------+-------+-------++-------
Melee: Unarmed           |     8 |       |       ||     8
 Cast: Freeze            |    38 |     7 |    16 ||    61
       Shock             |    16 |    55 |   128 ||   199
       Frozen Ramparts   |     4 |     6 |    22 ||    32
       Ozocubu's Armour  |       |     1 |     9 ||    10
       Blink             |       |     2 |       ||     2
       Teleport Other    |       |       |    12 ||    12
  Use: Scroll            |       |     4 |     3 ||     7
Armor: Robe              |     4 |     1 |     4 ||     9
Dodge: Dodged            |    30 |    10 |    26 ||    66
